 Dungeon Crawl Stone Soup version 0.31-a0-844-gdc52ec4e09 (console) character file.

Game seed: 18337925393643634909

798 jejorda2 the Chopper (level 7, 0/60 HPs)
             Began as a Gnoll Berserker on Sept 29, 2023.
             Was a Priest of Trog.
             Slain by an ufetubus (1 damage)
             ... summoned by Eustachio
             ... on level 4 of the Dungeon.
             The game lasted 00:08:28 (3295 turns).

jejorda2 the Chopper (Gnoll Berserker)              Turns: 3295, Time: 00:08:28

Health: 0/60       AC: 16    Str: 19      XL:     7   Next: 89%
Magic:  11/11      EV:  7    Int:  6      God:    Trog [***...]
Gold:   262        SH:  0    Dex: 16 (17) Spells: 11/11 levels left

rFire   . . .        a - +0 war axe
rCold   . . .        s - +0 buckler
rNeg    . . .        t - +0 plate armour
rPois   .            j - +0 helmet
rElec   .            l - +0 cloak
rCorr   .            c - +0 pair of gloves
SInv    .            (no boots)
Will    ++...        (no amulet) Stlth
                     g - +6 ring of dexterity
HPRegen 1.30/turn    (no ring)
MPRegen 0.12/turn

%: no passive effects
@: confused, mighty, lethally poisoned (0 -> 0), ambrosia-drunk, strong-willed,
on berserk cooldown, regenerating, slowed, very slow
A: fangs 1, strong nose, distributed training
a: Renounce Religion, Berserk, Trog's Hand


You were on level 4 of the Dungeon.
You worshipped Trog.
Trog was most pleased with you.
You visited 1 branch of the dungeon, and saw 4 of its levels.

You collected 262 gold pieces.

Inventory:

Hand Weapons
 a - a +0 war axe (weapon)
Missiles
 o - 3 boomerangs
 r - 4 poisoned darts
Armour
 c - a +0 pair of gloves (worn)
 i - an orb of light
 j - a +0 helmet (worn)
 l - a +0 cloak (worn)
 n - the +2 scale mail "Cosuoschovi" {rC+ rN+ rCorr Str-2}
   (You found it on level 2 of the Dungeon)

   Str-2:     It affects your strength (-2).
   rC+:       It protects you from cold.
   rN+:       It protects you from negative energy.
   rCorr:     It protects you from acid and corrosion.
 s - a +0 buckler (worn)
 t - a +0 plate armour (worn)
Jewellery
 g - a +6 ring of dexterity (left hand)
Wands
 u - a wand of paralysis (8)
 v - a wand of flame (8)
Scrolls
 b - a scroll of acquirement {unknown}
 d - 5 scrolls of identify {unknown}
 m - 2 scrolls of silence {unknown}
 p - a scroll of revelation {unknown}
 q - a scroll of blinking {unknown}
 w - a scroll of poison {unknown}
 y - a scroll of vulnerability {unknown}
Potions
 e - a potion of ambrosia
 f - a potion of lignification {unknown}
 h - a potion of attraction {unknown}
 k - a potion of might
 x - a potion of curing {unknown}


   Skills:
 + Level 7.2 Fighting
 + Level 2.8 Short Blades
 + Level 2.8 Long Blades
 + Level 7.2 Axes
 + Level 2.8 Maces & Flails
 + Level 2.8 Polearms
 + Level 2.8 Staves
 + Level 2.8 Ranged Weapons
 + Level 2.8 Throwing
 + Level 5.4 Armour
 + Level 5.4 Dodging
 + Level 2.8 Stealth
 + Level 2.8 Shields
 + Level 2.8 Unarmed Combat
 + Level 2.8 Spellcasting
 + Level 2.3 Conjurations
 + Level 2.3 Hexes
 + Level 2.3 Summonings
 + Level 2.3 Necromancy
 + Level 2.3 Translocations
 + Level 2.3 Transmutations
 + Level 2.3 Fire Magic
 + Level 2.3 Ice Magic
 + Level 2.3 Air Magic
 + Level 2.3 Earth Magic
 + Level 2.3 Poison Magic
 + Level 3.1 Invocations
 + Level 2.8 Evocations
 + Level 2.5 Shapeshifting


You had 11 spell levels left.
You didn't know any spells.
Your spell library was empty.

Dungeon Overview and Level Annotations

Branches:
Dungeon (4/15)
 Temple: D:4-7

Altars:
Wu Jian

Annotations:
D:4 Eustachio


Innate Abilities, Weirdness & Mutations

You have very sharp teeth.
Your uncanny sense of smell can sniff out nearby items.
Your experience applies equally to all skills.


Message History

The ufetubus hits you but does no damage. x2
Eustachio mumbles some strange words.
Eustachio blinks!
Press: ? - help, v - describe, . - travel
Here: Eustachio, wielding a +1 rapier of venom and wearing a +0 leather armour (severely wounded)
The floor.
Unknown command.
It was a potion of ambrosia.
You are confused.
You feel invigorated.
You feel sick. The ufetubus barely misses you.
The ufetubus hits you but does no damage.
The white imp hits you.
* * * LOW HITPOINT WARNING * * *
The white imp freezes you.
* * * LOW HITPOINT WARNING * * *
The ufetubus hits you but does no damage. x2
The quokka bites you.
* * * LOW HITPOINT WARNING * * *
The white imp gestures at you. The puff of frost hits you.
* * * LOW HITPOINT WARNING * * *
The ufetubus hits you but does no damage.
The ufetubus barely misses you.
Unknown command.
It was a potion of might.
You feel very mighty all of a sudden.
You feel sick.
The quokka bites you but does no damage.
The ufetubus hits you but does no damage.
The ufetubus completely misses you.
Eustachio gestures wildly while chanting.
Eustachio blinks!
The white imp hits you.
* * * LOW HITPOINT WARNING * * *
The white imp freezes you.
* * * LOW HITPOINT WARNING * * *
The quokka twitches its whiskers.
The quokka bites you.
* * * LOW HITPOINT WARNING * * *
The ufetubus closely misses you. The ufetubus hits you.
You die...

#........># #.#
#.).####.## #.#
#..#####.#########.##
#..##...............#
#..##.###...........#
#..##.# #...@.......#
#..##.# #...........##
#..##.# #......r.......
#..#..# #....5@....8#8.#
#..#.## #....5r....#)#.#
#....# #..........8#8..#
#.#### #...............#
###.#######...........##
.....................).$
###.########.###########
#.# #.# #.# #.#


You could see Eustachio, a river rat (summoned), a white imp (summoned), an
ufetubus (summoned) and a quokka (summoned).

Vanquished Creatures
  Grinder (D:3)
  A water moccasin (D:4)
  An orc warrior (D:3)
  A scorpion (D:4)
  A howler monkey (D:3)
  A hound (D:3)
  An orc priest (D:3)
  Ijyb (D:4)
  An iguana (D:4)
  An orc wizard (D:3)
  Robin (D:2)
  A gnoll (D:1)
  5 adders
  A dart slug (D:1)
  14 orcs
  11 endoplasms
  A giant cockroach (D:1)
  17 goblins
  10 hobgoblins
  10 jackals
  A quokka (D:1)
  9 ball pythons
  5 bats
  6 frilled lizards
  7 kobolds
  4 rats
113 creatures vanquished.

Notes
Turn   | Place    | Note
-------+----------+-------------------------------------------
     0 | D:1      | jejorda2 the Gnoll Berserker began the quest for the Orb.
     0 | D:1      | Reached XP level 1. HP: 23/23 MP: 1/1
    92 | D:1      | Reached XP level 2. HP: 29/29 MP: 2/2
   372 | D:1      | Reached XP level 3. HP: 35/35 MP: 3/3
   382 | D:1      | Reached ** piety under Trog
   576 | D:1      | Reached skill level 1 in Invocations
   839 | D:1      | Reached skill level 1 in Short Blades
   839 | D:1      | Reached skill level 1 in Long Blades
   839 | D:1      | Reached skill level 1 in Maces & Flails
   839 | D:1      | Reached skill level 1 in Polearms
   839 | D:1      | Reached skill level 1 in Staves
   839 | D:1      | Reached skill level 1 in Ranged Weapons
   839 | D:1      | Reached skill level 1 in Throwing
   839 | D:1      | Reached skill level 1 in Stealth
   839 | D:1      | Reached skill level 1 in Shields
   839 | D:1      | Reached skill level 1 in Unarmed Combat
   839 | D:1      | Reached skill level 1 in Spellcasting
   839 | D:1      | Reached skill level 1 in Evocations
  1205 | D:2      | Reached XP level 4. HP: 41/41 MP: 5/5
  1227 | D:2      | Noticed Robin
  1237 | D:2      | Reached skill level 1 in Shapeshifting
  1257 | D:2      | Killed Robin
  1264 | D:2      | Reached skill level 1 in Conjurations
  1264 | D:2      | Reached skill level 1 in Hexes
  1264 | D:2      | Reached skill level 1 in Summonings
  1264 | D:2      | Reached skill level 1 in Necromancy
  1264 | D:2      | Reached skill level 1 in Translocations
  1264 | D:2      | Reached skill level 1 in Transmutations
  1264 | D:2      | Reached skill level 1 in Fire Magic
  1264 | D:2      | Reached skill level 1 in Ice Magic
  1264 | D:2      | Reached skill level 1 in Air Magic
  1264 | D:2      | Reached skill level 1 in Earth Magic
  1264 | D:2      | Reached skill level 1 in Poison Magic
  1425 | D:2      | Reached *** piety under Trog
  1527 | D:2      | Identified the +2 scale mail "Cosuoschovi" {rC+ rN+ rCorr
                  | Str-2}
  1836 | D:2      | Reached XP level 5. HP: 47/47 MP: 5/7
  2106 | D:3      | Noticed Grinder
  2111 | D:3      | Killed Grinder
  2112 | D:3      | Reached skill level 5 in Armour
  2112 | D:3      | Reached skill level 5 in Dodging
  2112 | D:3      | Reached XP level 6. HP: 42/53 MP: 7/9
  2339 | D:3      | Noticed an orc warrior
  2345 | D:3      | Killed an orc warrior
  2350 | D:3      | Reached XP level 7. HP: 59/59 MP: 10/10
  2630 | D:4      | Noticed Ijyb
  2630 | D:4      | Found an ornate altar of the Wu Jian Council.
  2633 | D:4      | Paralysed by Ijyb for 5 turns
  2649 | D:4      | Killed Ijyb
  3105 | D:4      | Reached **** piety under Trog
  3266 | D:4      | Noticed Eustachio
  3294 | D:4      | HP: 1/60 [white imp/puff of frost[Eustachio] (3)]
  3295 | D:4      | Slain by an ufetubus

Illustrated notes

Levels and vault maps discovered:
D:1:      roderic_chinese_lattice_arrival, layout_basic, nicolae_eternal_life,
          corner_web_ring, minmay_tromino_v7
D:2:      layout_basic, uniq_robin
D:3:      layout_basic, uniq_grinder
D:4:      wad_crossroads, layout_basic, amcnicky_altar_gilded,
          serial_park_tiny_pond, minmay_statues_item, kennysheep_nondescript,
          uniq_ijyb, uniq_eustachio

Skill      XL: |  1  2  3  4  5  6  7 |
---------------+----------------------+-----
Invocations    | 1 2 3 |  3.1
Short Blades   | 1 2 |  2.8
Long Blades    | 1 2 |  2.8
Maces & Flails | 1 2 |  2.8
Polearms       | 1 2 |  2.8
Staves         | 1 2 |  2.8
Ranged Weapons | 1 2 |  2.8
Throwing       | 1 2 |  2.8
Stealth        | 1 2 |  2.8
Shields        | 1 2 |  2.8
Unarmed Combat | 1 2 |  2.8
Spellcasting   | 1 2 |  2.8
Evocations     | 1 2 |  2.8
Shapeshifting  | 1 2 |  2.5
Conjurations   | 1 2 |  2.3
Hexes          | 1 2 |  2.3
Summonings     | 1 2 |  2.3
Necromancy     | 1 2 |  2.3
Translocations | 1 2 |  2.3
Transmutations | 1 2 |  2.3
Fire Magic     | 1 2 |  2.3
Ice Magic      | 1 2 |  2.3
Air Magic      | 1 2 |  2.3
Earth Magic    | 1 2 |  2.3
Poison Magic   | 1 2 |  2.3
Armour         | 5 |  5.4
Dodging        | 5 |  5.4
Fighting       | 7 |  7.2
Axes           | 7 |  7.2

Action                     |  1- 3 |  4- 6 |  7- 9 || total
---------------------------+-------+-------+-------++-------
  Melee: Hand axe          |    94 |   104 |    20 ||   218
         Bite              |     6 |    10 |    12 ||    28
         Punch             |     1 |       |       ||     1
         War axe           |       |       |    78 ||    78
 Invoke: Berserk           |     1 |     3 |     2 ||     6
         Trog's Hand       |       |     1 |     2 ||     3
    Use: Potion            |       |       |     2 ||     2
   Stab: Sleeping          |     1 |       |       ||     1
 Armour: Animal skin       |    19 |       |       ||    19
         Ring mail         |    15 |    38 |       ||    53
         Scale mail        |       |    27 |    13 ||    40
         Plate armour      |       |       |    78 ||    78
  Dodge: Dodged            |    65 |    58 |    55 ||   178
  Block: Buckler           |       |       |    21 ||    21

Table legend: (Time is in decaauts)
 A = Elapsed time spent in this place.
 B = Non-inter-level travel time spent in this place.
 C = Inter-level travel time spent in this place.
 D = Time resting spent in this place.
 E = Time spent auto-exploring this place.
 F = Levels seen in this place.
 G = Mean time per level.
                   A        B        C        D        E       F      G
               +--------+--------+--------+--------+--------+-----+--------+
         Total |   3353 |   3241 |    112 |    176 |   2335 |   4 |  838.2 |
       Dungeon |   3353 |   3241 |    112 |    176 |   2335 |   4 |  838.2 |
               +--------+--------+--------+--------+--------+-----+--------+

Top non-repeatable levels by time:
     D:2: 1004 daAuts
     D:1: 984 daAuts
     D:4: 687 daAuts
     D:3: 676 daAuts
